 Dungeon Crawl Stone Soup version 0.28.0 (webtiles) character file.

Game seed: 7735446918958210833

476 themarg the Caller (level 7, -2/49 HPs)
             Began as a Merfolk Summoner on Feb 10, 2022.
             Slain by Pikel (12 damage)
             ... on level 4 of the Dungeon on Feb 11, 2022.
             The game lasted 00:28:26 (6509 turns).

themarg the Caller (Merfolk Summoner)               Turns: 6509, Time: 00:28:27

Health: -2/49      AC:  2    Str: 11    XL:     7   Next: 10%
Magic:  12/13      EV: 13    Int: 14    God:
Gold:   27         SH:  0    Dex: 14    Spells: 7/14 levels left

rFire   . . .      SeeInvis +   j - +0 short sword
rCold   . . .      Faith    +   (no shield)
rNeg    . . .      Spirit   .   a - +0 robe
rPois   .          Reflect  .   (no helmet)
rElec   .          Harm     .   (no cloak)
rCorr   .          Rampage  .   (no gloves)
Will    .....                   (no boots)
Stlth   ++........              i - amulet of faith
HPRegen 0.16/turn               y - ring of see invisible
MPRegen 0.13/turn               (no ring)

@: no status effects
A: (nimble swimmer 2), mertail
a: no special abilities


You were on level 4 of the Dungeon.
You visited 1 branch of the dungeon, and saw 5 of its levels.

You collected 341 gold pieces.
You spent 314 gold pieces at shops.

Inventory:

Hand Weapons
 j - a +0 short sword (weapon)
Missiles
 b - 121 stones
 o - 9 poisoned darts
Armour
 a - a +0 robe (worn)
 l - a +2 buckler
Magical Staves
 u - a staff of conjuration
Jewellery
 i - an amulet of faith (around neck)
 y - a ring of see invisible (left hand)
Wands
 z - a wand of acid (9)
Scrolls
 c - 2 scrolls of fear
 h - 4 scrolls of teleportation
 k - 2 scrolls of blinking
 m - 2 scrolls of identify
 p - a scroll of fog {unknown}
 q - a scroll of noise {unknown}
 r - a scroll of summoning {unknown}
 v - a scroll of enchant weapon {unknown}
 w - 2 scrolls of magic mapping {unknown}
 x - a scroll of vulnerability {unknown}
Potions
 d - a potion of brilliance {unknown}
 e - 2 potions of berserk rage
 f - a potion of mutation
 g - 2 potions of attraction
 n - a potion of curing {unknown}
 s - a potion of lignification {unknown}
 t - a potion of cancellation {unknown}


   Skills:
 + Level 1.8 Fighting
 + Level 2.4 Short Blades
 + Level 4.0 Dodging
 + Level 3.0 Stealth
 + Level 4.1 Spellcasting
 + Level 0.1 Hexes
 + Level 5.7 Summonings


You had 7 spell levels left.
You knew the following spells:

 Your Spells              Type           Power      Damage    Failure   Level
a - Summon Small Mammal   Summ           76%        N/A       1%          1
b - Call Canine Familiar  Summ           19%        N/A       5%          3
c - Summon Guardian Gole  Hex/Summ       11%        N/A       17%         3

Your spell library contained the following spells:

 Spells                   Type           Power      Damage    Failure   Level
 Call Imp                 Summ           19%        N/A       2%          2
 Animate Skeleton         Necr           4%         N/A       19%         1
 Apportation              Tloc           4%         N/A       19%         1
 Sting                    Tmut/Pois      8%         1d3       19%         1
 Poisonous Vapours        Pois/Air       4%         N/A       28%         2
 Summon Lightning Spire   Summ/Air       10%        N/A       50%         4
 Olgreb's Toxic Radiance  Pois           2%         N/A       88%         4


Dungeon Overview and Level Annotations

Branches:
Dungeon (5/15)
 Temple: D:4-7

Altars:

Shops:
D:3 ?   D:5 =

Annotations:
D:4 exclusions: downstairs and ogre, Duvessa, Pikel


Innate Abilities, Weirdness & Mutations

((You are very nimble when in or above water. (Stealth+, EV+, Speed+++)))
Your lower body shifts to a powerful aquatic tail in water.


Message History

Pikel freezes you.
Your hound bites Pikel but does no damage.
You hit Pikel.
Pikel is moderately wounded.
Pikel hits you with a +1 whip of freezing.
Pikel freezes you.
Your hound bites Pikel.
You closely miss Pikel. Your punch misses Pikel.
Pikel is heavily wounded.
Your hound closely misses Pikel.
Pikel hits you with a +1 whip of freezing.
Pikel freezes you.
Your hound bites Pikel but does no damage.
There is a stone staircase leading up here.
Your hound bites Pikel but does no damage.
Pikel hits you with a +1 whip of freezing.
Pikel freezes you.
* * * LOW HITPOINT WARNING * * *
The lemure hits you!
* * * LOW HITPOINT WARNING * * *
Your hound completely misses Pikel.
You climb upwards.
Level annotation: exclusions: downstairs and ogre, Duvessa
There is a stone staircase leading down here.
Okay, then.
Blink to where?
Press: ? - help, Dir - move target
As you read the scroll of blinking, it crumbles to dust.
Casting: Summon Guardian Golem (dangerous; 17% risk of failure)
Confirm with . or Enter, or press ? or * to list all spells.
You miscast Call Canine Familiar.
You are very lightly contaminated with residual magic.
Nothing appears to happen.
Pikel says, "All the lords of Hell know my name!"
Your magical contamination has completely faded away.
Pikel says, "You'll rot in Tartarus!"
Pikel scowls and wipes his hands on his robe.
There is a stone staircase leading up here.
There are no items here.
Pikel hits you with a +1 whip of freezing!
You die...

##.......# ##
#######
#........#
#.....#
#........#
#.....#
#.########
#..)..# #5# .)
#.....#####.#
..
#.........#.#
..
####.####K#.#
#. #.# #@#.# ##
###.######.#
##.
#........5.#
##..
#.#.########
#...
#.#........#
#...
#..........####
#...
#####.........#
##..
#...........#
##.
####.>......#
##


You could see Pikel.

Vanquished Creatures
  A centaur (D:5)
  A scorpion (D:4)
  A hound skeleton (D:4)
  An adder (D:4)
  2 dart slugs (D:3)
  A bat (D:1)
  2 endoplasms
  A giant cockroach (D:2)
  5 goblins
  3 hobgoblins
  2 kobolds
  4 quokkas
  3 ball pythons
  3 frilled lizards
  2 rats (D:3)
32 creatures vanquished.

Vanquished Creatures (collateral kills)
  A necrophage (D:5)
  2 lemures
  A bullfrog skeleton (D:4)
  An iguana (D:5)
  A hound skeleton (D:5)
  A gnoll (D:1)
  An adder (D:4)
  An ufetubus (D:5)
  An adder skeleton (D:4)
  4 endoplasms
  2 hobgoblins
  2 kobolds (D:4)
  2 quokkas
  8 ball pythons
  3 goblins
  3 rats
34 creatures vanquished.

Vanquished Creatures (others)
  A lemure (D:5)
  A scorpion (D:5)
2 creatures vanquished.

Grand Total: 68 creatures vanquished

Notes
Turn   | Place    | Note
-------+----------+-------------------------------------------
     0 | D:1      | themarg the Merfolk Summoner began the quest for the Orb.
     0 | D:1      | Reached XP level 1. HP: 13/13 MP: 3/3
   444 | D:1      | Reached XP level 2. HP: 11/19 MP: 1/5
  1147 | D:1      | Reached XP level 3. HP: 13/24 MP: 4/6
  1151 | D:1      | Learned a level 3 spell: Call Canine Familiar
  2289 | D:2      | Found a faded altar of an unknown god.
  3239 | D:3      | Found Hiqeob's Magic Scroll Emporium.
  3268 | D:3      | Bought a scroll of blinking for 82 gold pieces
  3268 | D:3      | Bought a scroll of identify for 22 gold pieces
  3499 | D:3      | Reached XP level 4. HP: 28/31 MP: 8/8
  3800 | D:4      | Noticed a scorpion
  3822 | D:4      | Killed a scorpion
  3823 | D:4      | Reached skill level 1 in Short Blades
  3823 | D:4      | Reached skill level 5 in Summonings
  3823 | D:4      | Reached XP level 5. HP: 30/36 MP: 0/9
  4254 | D:4      | Noticed Duvessa
  4510 | D:4      | Noticed an ogre
  4727 | D:4      | Reached skill level 1 in Fighting
  5198 | D:5      | Entered Level 5 of the Dungeon
  5198 | D:5      | Noticed a centaur
  5304 | D:5      | Killed a centaur
  5305 | D:5      | Reached XP level 6. HP: 26/43 MP: 8/11
  5791 | D:5      | Found Zuaruh's Jewellery Shop.
  5794 | D:5      | Bought a ring of see invisible for 210 gold pieces
  5811 | D:5      | Noticed Pikel
  5847 | D:4      | Learned a level 3 spell: Summon Guardian Golem
  5953 | D:5      | Noticed a necrophage
  5965 | D:5      | Killed a necrophage
  5970 | D:5      | Reached XP level 7. HP: 46/49 MP: 5/13
  6509 | D:4      | Slain by Pikel

Illustrated notes

Levels and vault maps discovered:
D:1:      dpeg_arrival_chambers_temple_mockup, layout_basic
D:2:      wad_crossroads, layout_basic, shapermc_ecumenical_altar_notcrosses,
          minivault_25
D:3:      layout_rooms, serial_shops, shop, serial_bayou, serial_bayou_pond_c,
          serial_bayou_pond_a, serial_bayou_lagoon_a, serial_bayou_lake_a,
          serial_bayou_ford_a, st_stairs_13, minmay_unequal
D:4:      kennysheep_six_static_rooms, layout_basic, minmay_misc_feat_rugged,
          uniq_duvessa
D:5:      layout_rooms, serial_shops, kennysheep_mini_moat, uniq_pikel

Skill      XL: |  1  2  3  4  5  6 |
---------------+-------------------+-----
Dodging        | 3 4 |  4.0
Short Blades   | 1 2 |  2.4
Spellcasting   | 3 4 |  4.1
Summonings     | 5 |  5.7
Fighting       | 1 |  1.8
Stealth        | 3 |  3.0
Hexes          | |  0.1

Action                   |  1- 3 |  4- 6 |  7- 9 || total
-------------------------+-------+-------+-------++-------
Melee: Unarmed           |     3 |       |       ||     3
       Club              |    30 |       |       ||    30
       Short sword       |    47 |    76 |    16 ||   139
       Tailslap          |     3 |       |       ||     3
       Punch             |       |     2 |       ||     2
 Cast: Summon Small Mamm |    57 |    12 |       ||    69
       Call Canine Famil |       |    16 |     5 ||    21
       Summon Guardian G |       |     1 |     4 ||     5
  Use: Scroll            |     2 |     3 |     1 ||     6
 Stab: Sleeping          |     2 |       |       ||     2
       Distracted        |       |     1 |       ||     1
Armor: Robe              |    13 |    12 |       ||    25
Dodge: Dodged            |    80 |    62 |     9 ||   151
